 Dungeon Crawl Stone Soup version 0.28-a0-925-gd5e1996cdb (webtiles) character file.

Game seed: 5450129708375350695

821 bearlyready the Thrower (level 7, -6/56 HPs)
             Began as a Gnoll Hunter on Nov 26, 2021.
             Was an Initiate of Cheibriados.
             Killed from afar by a manticore (13 damage)
             ... with a volley of spikes
             ... on level 6 of the Dungeon.
             The game lasted 00:06:07 (4680 turns).

bearlyready the Thrower (Gnoll Hunter)              Turns: 4680, Time: 00:06:07

Health: -6/56      AC: 11    Str: 14    XL:     7   Next: 95%
Magic:  3/3        EV: 11    Int: 11    God:    Cheibriados [......]
Gold:   219        SH:  0    Dex: 14    Spells: 11/11 levels left

rFire   + . .      SeeInvis .   a - +1 mace (antimagic)
rCold   . . .      Faith    .   (no shield)
rNeg    . . .      Spirit   .   w - +1 scale mail {rF+}
rPois   .          Reflect  .   D - +1 helmet
rElec   .          Harm     .   e - scarf {shadows}
rCorr   .          Rampage  .   (no gloves)
Will    .....                   p - +0 pair of boots
Stlth   +.........              (no amulet)
HPRegen 0.18/turn               (no ring)
MPRegen 0.08/turn               (no ring)

@: spiked, flying, very slow
A: fangs 1, strong nose, distributed training
a: Renounce Religion


You were on level 6 of the Dungeon.
You worshipped Cheibriados.
Cheibriados was noncommittal.
You visited 2 branches of the dungeon, and saw 7 of its levels.

You collected 219 gold pieces.

Inventory:

Hand Weapons
 a - a +1 antimagic mace (weapon)
 b - a +0 hunting sling
 q - a +0 spear
 s - a +0 short sword
 u - a +0 rapier
Missiles
 c - 6 javelins
 d - a throwing net
 f - 42 arrows
 h - 20 sling bullets
 j - 96 stones
 n - 2 boomerangs
 A - 15 poisoned darts (quivered)
 G - 12 bolts
Armour
 e - a scarf of shadows (worn)
 i - a +0 leather armour
 o - a +0 scale mail
 p - a +0 pair of boots (worn)
 w - a +1 scale mail of fire resistance (worn)
 y - a +0 plate armour
 D - a +1 helmet (worn)
Jewellery
 H - a ring of fire
Scrolls
 g - a scroll of enchant weapon {unknown}
 k - a scroll of acquirement {unknown}
 l - a scroll of fear {unknown}
 m - a scroll of identify {unknown}
 r - 3 scrolls of teleportation {unknown}
 v - a scroll of torment {unknown}
 I - a scroll of fog {unknown}
 J - a scroll of immolation {unknown}
Potions
 t - a potion of degeneration {unknown}
 x - a potion of heal wounds {unknown}
 z - a potion of curing {unknown}
 B - a potion of cancellation {unknown}
 C - 2 potions of attraction
 F - a potion of flight


   Skills:
 + Level 5.4 Fighting
 + Level 2.8 Short Blades
 + Level 2.8 Long Blades
 + Level 2.8 Axes
 + Level 2.8 Maces & Flails
 + Level 2.8 Polearms
 + Level 2.8 Staves
 + Level 2.8 Slings
 + Level 2.8 Bows
 + Level 2.8 Crossbows
 + Level 9.0 Throwing
 + Level 2.8 Armour
 + Level 5.4 Dodging
 + Level 3.7 Stealth
 + Level 2.8 Shields
 + Level 2.8 Unarmed Combat
 + Level 2.8 Spellcasting
 + Level 2.3 Conjurations
 + Level 2.3 Hexes
 + Level 2.3 Summonings
 + Level 2.3 Necromancy
 + Level 2.3 Translocations
 + Level 2.3 Transmutations
 + Level 2.3 Fire Magic
 + Level 2.3 Ice Magic
 + Level 2.3 Air Magic
 + Level 2.3 Earth Magic
 + Level 2.3 Poison Magic
 + Level 3.1 Invocations
 + Level 2.8 Evocations


You had 11 spell levels left.
You didn't know any spells.
Your spell library contained the following spells:

 Spells                   Type           Power      Damage    Failure   Level
 Animate Skeleton         Necr           12%        N/A       38%         1
 Apportation              Tloc           12%        N/A       38%         1
 Pain                     Necr           24%        1d5       38%         1
 Gell's Gravitas          Tloc           6%         N/A       77%         3
 Vampiric Draining        Necr           6%         2d6       77%         3
 Lightning Bolt           Conj/Air       3%         1d14      100%        5
 Disjunction              Tloc           3%         N/A       100%        8


Dungeon Overview and Level Annotations

Branches:
Dungeon (6/15)             Temple (1/1) D:5

Altars:
Cheibriados
Dithmenos
Elyvilon
Fedhas
Gozag
Makhleb
Trog
Uskayaw
Vehumet
Wu Jian
Zin

Shops:
D:4 [


Innate Abilities, Weirdness & Mutations

You have very sharp teeth.
Your uncanny sense of smell can sniff out nearby items.
Your experience applies equally to all skills.


Message History

A dart slug is nearby!
A dart slug is nearby!
A white imp comes into view.
The white imp shouts!
You hear a shout!
An orc comes into view. It is wielding a +0 mace.
The white imp grinds its teeth.
The white imp hits you but does no damage.
The white imp closely misses you.
You closely miss the white imp. Your bite misses the white imp.
The white imp barely misses you. The orc barely misses you.
You closely miss the white imp. The white imp hits you.
The white imp freezes you. The orc hits you with a +0 mace.
You hit the orc but do no damage. The white imp gestures at you.
The puff of frost hits you. The orc hits you with a +0 mace.
The white imp gestures at you. The puff of frost hits you.
The orc completely misses you.
Found 16 gold pieces.
The white imp gestures at you. The puff of frost hits you!
The white imp misses you. The dart slug launches a dart at you.
The slug dart hits you but does no damage.
There is a stone staircase leading down here.
The white imp hits you. The white imp freezes you.
You climb downwards.
There is a stone staircase leading up here.
The white imp hits you. The white imp freezes you.
* * * LOW HITPOINT WARNING * * *
The white imp gestures at you. The puff of frost hits you!
* * * LOW HITPOINT WARNING * * *
A manticore comes into view.
It was a potion of flight.
You feel very buoyant.
You fly up into the air.
The manticore flicks its tail.
The volley of spikes hits you!
The barbed spikes become lodged in your body.
You die...

##### #..H
.######.##
......@..#
.######5.#
........#####
......<......
........#####
....W.....
........###
........#
#########


You could see a manticore and a white imp.

Vanquished Creatures
  Sigmund (D:3)
  Eustachio (D:4)
  2 sky beasts (D:5)
  A black bear (D:4)
  A wyvern skeleton (D:5)
  A hound (D:5)
  A jelly (D:5)
  An iguana (D:4)
  A hound skeleton (D:5)
  A gnoll (D:1)
  2 howler monkey skeletons
  2 adders (D:3)
  A worm (D:3)
  2 dart slugs (D:1)
  2 orcs (D:5)
  2 endoplasms
  A giant cockroach (D:1)
  5 goblins
  6 hobgoblins
  5 kobolds
  5 quokkas
  2 ball pythons
  3 bats
  4 frilled lizards
  7 rats
60 creatures vanquished.

Notes
Turn   | Place    | Note
-------+----------+-------------------------------------------
     0 | D:1      | bearlyready the Gnoll Hunter began the quest for the Orb.
     0 | D:1      | Reached XP level 1. HP: 20/20 MP: 1/1
    42 | D:1      | Reached XP level 2. HP: 17/26 MP: 2/2
   693 | D:1      | Reached XP level 3. HP: 28/31 MP: 3/3
  1016 | D:2      | Found a white marble altar of Elyvilon.
  1018 | D:2      | Found a faded altar of an unknown god.
  1480 | D:2      | Reached skill level 1 in Invocations
  1709 | D:3      | Reached skill level 1 in Short Blades
  1709 | D:3      | Reached skill level 1 in Long Blades
  1709 | D:3      | Reached skill level 1 in Axes
  1709 | D:3      | Reached skill level 1 in Maces & Flails
  1709 | D:3      | Reached skill level 1 in Polearms
  1709 | D:3      | Reached skill level 1 in Staves
  1709 | D:3      | Reached skill level 1 in Slings
  1709 | D:3      | Reached skill level 1 in Bows
  1709 | D:3      | Reached skill level 1 in Crossbows
  1709 | D:3      | Reached skill level 1 in Armour
  1709 | D:3      | Reached skill level 1 in Shields
  1709 | D:3      | Reached skill level 1 in Unarmed Combat
  1709 | D:3      | Reached skill level 1 in Spellcasting
  1709 | D:3      | Reached skill level 1 in Evocations
  1770 | D:3      | Reached XP level 4. HP: 27/38 MP: 5/5
  2186 | D:3      | Noticed Sigmund
  2208 | D:3      | Killed Sigmund
  2209 | D:3      | Reached skill level 1 in Conjurations
  2209 | D:3      | Reached skill level 1 in Hexes
  2209 | D:3      | Reached skill level 1 in Summonings
  2209 | D:3      | Reached skill level 1 in Necromancy
  2209 | D:3      | Reached skill level 1 in Translocations
  2209 | D:3      | Reached skill level 1 in Transmutations
  2209 | D:3      | Reached skill level 1 in Fire Magic
  2209 | D:3      | Reached skill level 1 in Ice Magic
  2209 | D:3      | Reached skill level 1 in Air Magic
  2209 | D:3      | Reached skill level 1 in Earth Magic
  2209 | D:3      | Reached skill level 1 in Poison Magic
  2209 | D:3      | Reached XP level 5. HP: 32/43 MP: 1/7
  2209 | D:3      | Reached XP level 6. HP: 37/50 MP: 1/8
  2611 | D:3      | Found a snail-covered altar of Cheibriados.
  2619 | D:3      | Became a worshipper of Cheibriados the Contemplative
  2816 | D:3      | Found a burning altar of Makhleb.
  2911 | D:4      | Noticed Eustachio
  3322 | D:4      | Noticed a black bear
  3332 | D:4      | Killed a black bear
  3333 | D:4      | Reached skill level 5 in Fighting
  3333 | D:4      | Reached skill level 5 in Dodging
  3454 | D:4      | Found Zuarates's Armour Emporium.
  3903 | D:4      | Killed Eustachio
  3904 | D:4      | Reached XP level 7. HP: 51/56 MP: 3/10
  3982 | D:5      | Entered Level 5 of the Dungeon
  3986 | D:5      | Found a staircase to the Ecumenical Temple.
  3996 | Temple   | Entered the Ecumenical Temple
  4348 | D:5      | Reached skill level 9 in Throwing
  4522 | D:5      | Got the Tome of the Traveller and Air
  4679 | D:6      | Noticed a manticore
  4680 | D:6      | Killed from afar by a manticore

Illustrated notes

Levels and vault maps discovered:
D:1:      minmay_arrival_semitransparent, layout_basic
D:2:      layout_basic, shapermc_ecumenical_altar_mp_highgroup, basic_altar
D:3:      layout_loops_ring, lemuel_coloured_pillars_altar,
          nicolae_overflow_hidden_temple, uniq_sigmund
D:4:      layout_loops_ring, serial_shops, nicolae_lakefront_shop,
          minmay_misc_feat_four_crosses, hangedman_decor_clover_reticule,
          uniq_eustachio
D:5:      lemuel_insect_pit, layout_rooms, temple_statues, minmay_checkerbox,
          uniq_duvessa
D:6:      layout_basic, mainiacjoe_overflow_small_starburst,
          mainiacjoe_overflow_alcove_2, serial_shops, shop
Temple:   jpeg_temple_island

Skill      XL: |  1  2  3  4  5  6  7 |
---------------+----------------------+-----
Invocations    | 1 2 3 |  3.1
Short Blades   | 1 2 |  2.8
Long Blades    | 1 2 |  2.8
Axes           | 1 2 |  2.8
Maces & Flails | 1 2 |  2.8
Polearms       | 1 2 |  2.8
Staves         | 1 2 |  2.8
Slings         | 1 2 |  2.8
Bows           | 1 2 |  2.8
Crossbows      | 1 2 |  2.8
Armour         | 1 2 |  2.8
Shields        | 1 2 |  2.8
Unarmed Combat | 1 2 |  2.8
Spellcasting   | 1 2 |  2.8
Evocations     | 1 2 |  2.8
Conjurations   | 1 2 |  2.3
Hexes          | 1 2 |  2.3
Summonings     | 1 2 |  2.3
Necromancy     | 1 2 |  2.3
Translocations | 1 2 |  2.3
Transmutations | 1 2 |  2.3
Fire Magic     | 1 2 |  2.3
Ice Magic      | 1 2 |  2.3
Air Magic      | 1 2 |  2.3
Earth Magic    | 1 2 |  2.3
Poison Magic   | 1 2 |  2.3
Stealth        | 3 |  3.7
Fighting       | 5 |  5.4
Dodging        | 5 |  5.4
Throwing       | 9 |  9.0

Action                   |  1- 3 |  4- 6 |  7- 9 || total
-------------------------+-------+-------+-------++-------
Melee: Short sword       |    96 |       |       ||    96
       Bite              |     5 |    16 |     5 ||    26
       Mace              |       |    74 |    92 ||   166
       Punch             |       |       |     2 ||     2
 Fire: Hunting sling     |     7 |    16 |       ||    23
Throw: Boomerang         |     1 |       |       ||     1
       Dart              |       |     4 |       ||     4
       Throwing net      |       |     1 |     1 ||     2
  Use: Potion            |       |     1 |     3 ||     4
 Stab: Sleeping          |     4 |       |       ||     4
       Held in net/web   |       |     2 |       ||     2
Armor: Leather armour    |    12 |       |       ||    12
       Scale mail        |    10 |    44 |    46 ||   100
       Skin              |       |       |    19 ||    19
Dodge: Dodged            |    57 |    52 |    50 ||   159

Table legend: (Time is in decaauts)
 A = Elapsed time spent in this place.
 B = Non-inter-level travel time spent in this place.
 C = Inter-level travel time spent in this place.
 D = Time resting spent in this place.
 E = Time spent auto-exploring this place.
 F = Levels seen in this place.
 G = Mean time per level.
                   A        B        C        D        E       F      G
               +--------+--------+--------+--------+--------+-----+--------+
         Total |   5083 |   4726 |    357 |    156 |   3687 |   7 |  726.1 |
       Dungeon |   4976 |   4637 |    339 |    156 |   3611 |   6 |  829.3 |
        Temple |    106 |     88 |     18 |      0 |     76 |   1 |  106.0 |
               +--------+--------+--------+--------+--------+-----+--------+

Top non-repeatable levels by time:
     D:3: 1492 daAuts
     D:4: 1182 daAuts
     D:1: 990 daAuts
     D:5: 689 daAuts
     D:2: 616 daAuts
  Temple: 106 daAuts
     D:6: 4 daAuts
